Cogmind - Beta 17 @@@ ROGUE MODE // 2026.07.04 @ 17:50:31 Player: eph7ra Result: Self-destructed Performance ------------- Evolutions (1) 500 Regions Visited (2) 400 Robots Destroyed (7) 35 Value Destroyed (227) 227 Prototype IDs (1) 20 Alien Tech Used (0) 0 Bonus (0) 0 TOTAL SCORE: 1182 Bonus ------- None Cogmind --------- Core Integrity 139/400 Matter 300/300 Energy 100/100 System Corruption 0% Temperature Cool (6) Movement Core (700) Ox13 Location -9/Materials Parts ------- > --- POWER (1) -------- (None) > --- PROPULSION (3) --- (None) > --- UTILITY (3) ------ High-capacity Storage Unit > --- WEAPON (2) ------- Katana > --- INVENTORY (20) --- Ion Engine Light Treads Light Treads Light Treads Wheel Compact Wheel Heat Sink Medium Laser Small Laser Small Laser Autogun Peak State ------------ > --- POWER ------------ Heavy Ion Engine > --- PROPULSION ------- Aluminum Leg Aluminum Leg > --- UTILITY ---------- High-capacity Storage Unit > --- WEAPON ----------- Katana > --- INVENTORY -------- Ion Engine Ion Engine Light Treads Light Treads Light Treads Wheel Compact Wheel Heat Sink Medium Laser Small Laser Small Laser Autogun [Rating: 10] Favorites ----------- Power Ion Engine Engine Ion Engine Propulsion Aluminum Leg Leg Aluminum Leg Utility High-capacity Storage Unit Storage High-capacity Storage Unit Weapon Light Assault Rifle Energy Gun Medium Laser Ballistic Gun Light Assault Rifle Slashing Weapon Katana Build | -11 -10 -9 ------- Run | Yrd Mat Mat Slots Evolved 2 | . . 2 Power . | . . . Propulsion 1 | . . 1 Utility 1 | . . 1 Weapon . | . . . Parts Attached 13 | 6 2 5 Power 3 | 1 . 2 Engine 3 | 1 . 2 Core . | . . . Reactor . | . . . Propulsion 3 | 2 . 1 Treads . | . . . Leg 3 | 2 . 1 Wheel . | . . . Hover . | . . . Flight . | . . . Utility 3 | 1 2 . Device . | . . . Storage 3 | 1 2 . Processor . | . . . Hackware . | . . . Protection . | . . . Artifact . | . . . Weapon 4 | 2 . 2 Energy Gun 2 | 1 . 1 Energy Cannon . | . . . Ballistic Gun 1 | 1 . . Ballistic Cannon . | . . . Launcher . | . . . Special Weapon . | . . . Impact Weapon . | . . . Slashing Weapon 1 | . . 1 Piercing Weapon . | . . . Special Melee Weapon . | . . . Unidentified Prototypes 1 | . . 1 Parts Lost 7 | . . 7 Power 2 | . . 2 Propulsion 3 | . . 3 Utility . | . . . Weapon 2 | . . 2 Highest Loss Streak 4 | . . 4 To Critical Strikes . | . . . Average Backups 8 | 4 6 11 Power 1 | . 1 2 Propulsion 4 | 2 4 4 Utility . | . . 1 Weapon 2 | . 1 3 Tool/Special . | . . . Unused Backups 10 | . . 10 Power 1 | . . 1 Propulsion 5 | . . 5 Utility 1 | . . 1 Weapon 3 | . . 3 Tool/Special . | . . . Average Slot Usage (%) 72 | . 85 64 Engine 11 | . 14 9 Leg 26 | . 28 25 Storage 12 | . 14 11 Energy Gun 10 | . 14 8 Ballistic Gun 11 | . 14 9 Peak Build Rating 10 | 6 7 10 Average Rating 6 | 4 6 7 On Entrance 4 | . 6 6 Avg Prop Armor Cover (%) . | . . . Naked Turns . | . . . Heaviest Build 49 | 13 48 49 Greatest Support 30 | 20 20 30 Greatest Overweight (x) 4 | 3 2 4 Average Overweight (x) 1 | . 1 1 Largest Inventory Capacity 20 | 8 20 20 Average Capacity 18 | 7 19 20 Most Carried 14 | 7 8 14 Average Carried 9 | 4 6 11 Final Capacity 20 | 8 20 20 Final Carried 11 | 6 8 11 Class Distribution -------------------- 100% | Mutant Dominant Class ---------------- Mutant | -10/Materials Mutant | -9/Materials Resources | -11 -10 -9 ----------- Run | Yrd Mat Mat Matter Collected 338 | 260 19 59 Remotely . | . . . Salvage Created 279 | . 36 243 Parts 15 | . 2 13 Haulers Intercepted . | . . . Recyclers Shooed . | . . . Parts Field Recycled . | . . . Retrieved Matter . | . . . Parts Self-Destructed . | . . . Prevented . | . . . Parts Restored . | . . . Kills | -11 -10 -9 ------- Run | Yrd Mat Mat Combat Hostiles Destroyed 7 | . 1 6 Melee 1 | . . 1 Guns 6 | . 1 5 Classes Destroyed 3 | . 1 2 Swarmer 1 | . . 1 Grunt 5 | . 1 4 Duelist 1 | . . 1 Best Kill Streak 3 | . 1 3 Combat Bots Only 3 | . 1 3 Max Kills in Single Turn 1 | . 1 1 Gunslinging . | . . . Exploded . | . . . Melee 1 | . . 1 Uniques/NPCs Destroyed . | . . . Combat | -11 -10 -9 -------- Run | Yrd Mat Mat Hostile Shots Fired 91 | . 13 78 Missed 15 | . 2 13 Hits 76 | . 11 65 Melee 7 | . . 7 Projectile 69 | . 11 58 Damage Taken 924 | . 130 794 Core 305 | . 44 261 Absorbed by Shields . | . . . Core Remaining (%) 91 | 100 82 . Volleys Fired 31 | . 4 27 Largest 2 | . 2 2 Hottest 95 | . 70 95 Shots Fired 43 | . 8 35 Gun 43 | . 8 35 Cannon . | . . . Launcher . | . . . Special . | . . . Kinetic 29 | . 4 25 Thermal 6 | . 4 2 Explosive . | . . . Electromagnetic 8 | . . 8 Robot Hit Streak 9 | . 2 9 Robot Miss Streak 3 | . 3 2 Penetration Max . | . . . Secondary Targets 1 | . . 1 Max Gunslinging Chain 1 | . . 1 Shots Hit Robots 38 | . 4 34 Core Hits 16 | . 2 14 Critical Kills . | . . . Critical Parts Destroyed . | . . . Critical Strikes 2 | . . 2 Burn 1 | . . 1 Sever 1 | . . 1 Melee Attacks 11 | . . 11 Impact . | . . . Slashing 11 | . . 11 Piercing . | . . . Sneak Attacks . | . . . Combat Hostiles . | . . . Follow-up Attacks . | . . . Damage Inflicted 491 | . 50 441 Guns 335 | . 43 292 Cannons . | . . . Explosions . | . . . Melee 149 | . . 149 Ramming 7 | . 7 . Kinetic 177 | . 17 160 Thermal 50 | . 26 24 Explosive . | . . . Electromagnetic 108 | . . 108 Impact . | . . . Slashing 149 | . . 149 Piercing . | . . . Highest Corruption . | . . . Average Corruption . | . . . Corruption Purged . | . . . Corruption Blocked . | . . . Overload Shots . | . . . Overflow Damage 23 | . . 23 Projectiles . | . . . Explosions . | . . . Melee 23 | . . 23 Knockbacks . | . . . Impact . | . . . Kinetic . | . . . Secondary . | . . . Self-Inflicted Damage . | . . . Shots . | . . . Rammed . | . . . Targets Rammed 1 | . 1 . Kicked 1 | . 1 . Crushed . | . . . Highest Temperature 104 | . 104 54 Average Temperature 34 | . 49 23 Received Heat Transfer 282 | . 72 210 Siege Activations . | . . . Martial Activations . | . . . Shielding Activations . | . . . Robots Disrupted . | . . . Combat Hostiles . | . . . Robots Corrupted . | . . . Combat Hostiles . | . . . Parts Fried . | . . . Impact Corruptions . | . . . Robots Melted . | . . . Combat Hostiles . | . . . Parts Melted 1 | . . 1 Heat Transferred 222 | . 74 148 Parts Sabotaged . | . . . Parts Stolen . | . . . Parts Stripped . | . . . Power Chain Reactions . | . . . Alert | -11 -10 -9 ------- Run | Yrd Mat Mat Maximum Alert Level . | . . . Low Security (%) 100 | 100 100 100 Level 1 . | . . . Level 2 . | . . . Level 3 . | . . . Level 4 . | . . . Level 5 . | . . . High Security . | . . . Max Security . | . . . Peak Influence 50 | . 30 50 Initial . | . . . Average 5 | . 2 7 Influence Increases 180 | . 30 150 Destroy 0b10 Robot/C 140 | . 20 120 Destroy Leader 40 | . 10 30 Influence Decreases 150 | . 30 120 Time Decay 96 | . 30 66 Lost Part 54 | . . 54 Squads Dispatched 2 | . 1 1 Investigation . | . . . Extermination . | . . . Reinforcement 2 | . 1 1 Assault . | . . . Garrison . | . . . Intercept . | . . . Searches Triggered . | . . . Construction Impeded . | . . . Haulers Reinforced . | . . . Active Scanning Responses . | . . . Cargo Convoy Interrupts . | . . . Stealth | -11 -10 -9 --------- Run | Yrd Mat Mat Distress Signals 1 | . . 1 Communications Jammed . | . . . Distress Signals . | . . . Times Spotted 20 | . 6 14 Peak Tracking Total 6 | . 2 6 Tactical Retreats . | . . . Traps | -11 -10 -9 ------- Run | Yrd Mat Mat Traps Triggered . | . . . Indirectly . | . . . Trap Hack Attempts . | . . . Triggered . | . . . Disarmed . | . . . Reprogrammed . | . . . Reused . | . . . Traps Extracted . | . . . Installed . | . . . Triggered . | . . . Machines | -11 -10 -9 ---------- Run | Yrd Mat Mat Machines Disabled . | . . . Max in Single Turn . | . . . Machines Repaired . | . . . Machines Dismantled . | . . . Machines Sabotaged . | . . . Overloaded Fab Kills . | . . . Hacking | -11 -10 -9 --------- Run | Yrd Mat Mat Machines Accessed . | . . . Terminals . | . . . Fabricators . | . . . Repair Stations . | . . . Recycling Units . | . . . Scanalyzers . | . . . Garrison Access . | . . . Total Hacks . | . . . Successful . | . . . Failed . | . . . Catastrophic . | . . . Database Lockouts . | . . . Manual . | . . . Terminals . | . . . Fabricators . | . . . Repair Stations . | . . . Recycling Units . | . . . Scanalyzers . | . . . Garrison Access . | . . . Terminal Hacks . | . . . Fabricator Hacks . | . . . Repair Station Hacks . | . . . Recycling Unit Hacks . | . . . Scanalyzer . | . . . Garrison Access Hacks . | . . . Unauthorized Hacks . | . . . Terminals . | . . . Fabricators . | . . . Repair Stations . | . . . Recycling Units . | . . . Scanalyzers . | . . . Garrison Access . | . . . Data Cores Recovered . | . . . Used . | . . . Hacking Detections . | . . . Full Trace Events . | . . . Feedback Events . | . . . Feedback Blocked . | . . . Robot Schematics Acquired . | . . . Robots Built . | . . . Authchips . | . . . Time . | . . . Total Robot Build Rating . | . . . Part Schematics Acquired . | . . . Parts Built . | . . . Authchips . | . . . Time . | . . . Total Part Build Rating . | . . . Part Studies Acquired . | . . . Parts Repaired . | . . . Time . | . . . Parts Recycled . | . . . Recycled Matter . | . . . Retrieved Matter . | . . . Retrieved Components . | . . . Parts Scanalyzed . | . . . Part Schematics Acquired . | . . . Parts Damaged . | . . . Bothacking | -11 -10 -9 ------------ Run | Yrd Mat Mat Used RIF Installer . | . . . Robots Hacked . | . . . Non-combat . | . . . Combat . | . . . Robot Hacks Applied . | . . . Relay Couplers Released . | . . . Fabnet Peak Effective % . | . . . Robots Rewired . | . . . Allies Hacked . | . . . Hacks Repelled . | . . . Allies | -11 -10 -9 -------- Run | Yrd Mat Mat Total Allies . | . . . Largest Group . | . . . Highest-Rated Group . | . . . Highest-Rated Ally . | . . . Total Orders . | . . . Ally Attacks . | . . . Total Damage . | . . . Kills . | . . . Allies Corrupted . | . . . Allies Melted . | . . . Intel | -11 -10 -9 ------- Run | Yrd Mat Mat Active Infowar (turns) . | . . . Robot Analysis Total . | . . . Derelict Logs Recovered . | . . . Drone Launches . | . . . Drone Recoveries . | . . . Exploration | -11 -10 -9 ------------- Run | Yrd Mat Mat Turns Passed 799 | 77 290 432 Spaces Moved 302 | 42 110 150 Core 9 | 9 . . Treads . | . . . Legs 293 | 33 110 150 Wheels . | . . . Hover . | . . . Flight . | . . . Fastest Speed 50 | 50 120 190 Average Speed 220 | 148 247 220 Slowest Speed 400 | 200 260 400 Overloaded Moves . | . . . Propulsion Burnouts . | . . . Robots Hopped . | . . . Potential Cave-ins . | . . . Cave-ins Triggered . | . . . Exploration Rate (%) 15 | 4 24 17 Regions Visited 2 Branch Regions . Pre-discovered Areas . | . . . Known Exits Taken . | . . . Unknown Exits Taken 2 | 1 1 . Scrap Searched . | . . . Spaces Dug . | . . . Terrain Destroyed . | . . . Melee . | . . . Projectile . | . . . AOE . | . . . Terrain Rammed . | . . . Walls Destroyed . | . . . Machines Disabled . | . . . Actions | -11 -10 -9 --------- Run | Yrd Mat Mat Total 378 | 54 120 204 Wait 3 | . . 3 Move 300 | 41 109 150 Hop . | . . . Pick Up 15 | 7 2 6 Fast Attach 8 | 5 2 1 Attach 4 | 1 . 3 Detach . | . . . Swap 2 | . . 2 Drop 3 | . 2 1 Fire 31 | . 4 27 Melee 11 | . . 11 Ram . | . . . Kick 1 | . 1 . Crush . | . . . Escape Stasis . | . . . Rewire . | . . . Trap . | . . . Miscellaneous . | . . . Route ------- -11/Scrapyard -10/Materials (discovered 2 exits: [*Mat] / [*Min]) -9/Materials History --------- Turn | Location | Event 15 | -11/Scrapyard | Discovered new exit (range 15) 78 | -11/Scrapyard | Entered Materials 196 | -10/Materials | Discovered new exit (range 8) 289 | -10/Materials | Discovered new exit (range 15) 318 | -10/Materials | Build established: Mutant 368 | -10/Materials | Entered another Materials area 368 | -9/Materials | Evolved 2 slots: Propulsion x1, Utility x1 750 | -9/Materials | Lost 3 parts (1p1n1w) 791 | -9/Materials | Core integrity fell below 50% 800 | -9/Materials | Self-destructed Last Messages --------------- R-06 Scavenger collects Sml. Laser. Acquired Katana. R-06 Scavenger collects Aluminum Leg. K-01 Serf cleans the Machine. Lgt. Assault Rifle destroyed. K-01 Serf cleans the Machine. Identified Hvy. Ion Engine. Faulty integration triggers energy drain (-53). Dropped Faulty Hvy. Ion Engine. Aluminum Leg destroyed. Destroyed Heat Sink. G-34 Mercenary Aluminum Leg severed. C-30 ARC bursts open, deploying its payload. S-10 Pest unfolds itself. K-01 Serf collects debris. Destroyed Lgt. Ion Engine. Ion Engine destroyed. Aluminum Leg destroyed. S-10 Pest destroyed. Acquired 15 matter. Map ----- +----------------------------------------------------+ | ?????????????????????????????????????????????????? | | ?????????????????????????????????????????????????? | | ?????????????????????????????????????????????????? | | ?????????????????????????????????????????????????? | | ?????????????????????????????????????????????????? | | ?????????????????????????????????????????????????? | | ?????????????????????????????????????????????????? | | ?????????????????????????????????????????????????? | | ?????????????????????????????????????????????????? | | ?????????????????????????????????????????????????? | | ?????????????????????????????????????????????????? | | ?????????????????????????????????????????????????? | | ??????????????????#??????????????????????????????? | | ??????????????????# ?????????????????????????????? | | ??????????????????# ?????????????????????????????? | | ??????????????????# ???????#####????????????????? | | ??????????????????# ?????#!!!!##???????????????? | | ??????????????????# ?????! !#???????????????? | | ???????????????????# ???? #???????????????? | | ???????????????????# #### ##+####?????????? | | ???????????????????+ % ????????? | | ???????????????????# ????????? | | ???????????????????# r%s ????????? | | ???????????????????######s########???????????????? | | ???????????????????# s%g! #???????????????????? | | ???????????????????# @ % #???????????????????? | | ???????????????????# #???????????????????? | | ???????????????????# """ #???????????????????? | | ???????????????????# "S """ #???????????????????? | | ???????????????????# """ """ #???????????????????? | | ???????????????????# ""a #???????????????????? | | ???????????????????# #???????????????????? | | ????????????????#+##+#####+###???????????????????? | | ????????????????# #?????????????????????? | | ????????????????# #?????????????????????? | | ???????????????## #?????????????????????? | | ???????????????# #?????????????????????? | | ?????????????# # #?????????????????????? | | ?????????????# #?????????????????????? | | ?????????????# # #?????????????????????? | | ???????????????# #?????????????????????? | | ???????????????########### #?????????????????????? | | ?????????????????????????# #?????????????????????? | | ?????????????????????????# #?????????????????????? | | ?????????????????????????# #?????????????????????? | | ??????????????????######## #???????#############?? | | ?????????????????"" """ ## #???????# #?? | | ????????????????""" """ ## ######### """ #?? | | ??????????????# """ """ # # """"" #?? | | ??????????????# + # """"" #?? | +----------------------------------------------------+ Best States ------------- Heat Dissipation 28 Energy Generation 10 Energy Capacity 250 Matter Stores 300 Matter Capacity 300 Sight Range 16 Terrain Scan Density 10 Evasion (%) 45 Item Schematics ----------------- None Robot Schematics ------------------ None Fabricated ------------ Nothing Repaired ---------- Nothing Studied --------- None Alien Tech Used ----------------- None Achievements -------------- None Challenges ------------ None Game ------ Seed ChipMappingClaymores Manual? 0 Play Time 00:05:46 Cumulative 25.0 hours Start 2026.07.04 @ 17:45:11 End 2026.07.04 @ 17:50:31 Sessions 1 Manual Loads 0 Difficulty Rogue Special Mode None Game No. 35 Rogue 30 Adventurer 1 Explorer 4 Win Type - Total 0 Types 0/0/0/0/0/0/0/0/0/0 Lore% 10 Gallery% 19 Achievement% 18 Wizard Run 0 Options --------- Layout 1 ASCII 0 Keyboard 0 Movement Arrows Keybinds 0 Fullscreen 1 Font 24/Smallcaps Map View 50x35 Zoom Use 0% Tactical HUD 0 Map Filters NONE Filters NONE Steam 1 RUN: 9301a4a4-7a32-4d55-90d4-78cc2fedb0c9